 Dungeon Crawl Stone Soup version 0.31.0-11-ge490571c62 (webtiles) character file.

Game seed: 770249211227725039

4 PieDemon the Shooter (level 1, -2/10 HPs)
             Began as a Spriggan Hunter on Feb 1, 2024.
             Slain by a goblin
             ... wielding a +0 dagger
              (3 damage)
             ... on level 2 of the Dungeon.
             The game lasted 00:05:50 (1397 turns).

PieDemon the Shooter (Spriggan Hunter)              Turns: 1397, Time: 00:05:51

Health: -2/10      AC:  2    Str:  7    XL:     1   Next: 58%
Magic:  2/2        EV: 18    Int: 10    God:
Gold:   80         SH:  0    Dex: 18    Spells: 0/0 levels left

rFire   . . .        a - +0 shortbow
rCold   + . .        (shield currently unavailable)
rNeg    . . .        c - +0 robe
rPois   .            (helmet restricted)
rElec   .            (no cloak)
rCorr   .            (gloves unavailable)
SInv    +            (boots unavailable)
Will    .....        (no amulet)
Stlth   ++           d - ring of protection from cold
HPRegen 0.21/turn    (no ring)
MPRegen 0.08/turn

%: no passive effects
@: very quick
A: very small, no large weapons, unfitting armour, see invisible, speed 3
a: no special abilities


You were on level 2 of the Dungeon.
You visited 1 branch of the dungeon, and saw 2 of its levels.

You collected 80 gold pieces.

Inventory:

Hand Weapons
 a - a +0 shortbow (weapon)
 g - a +1 dagger of speed
 h - a +0 short sword
 k - a +1 dagger of venom
Missiles
 e - 3 poisoned darts
Armour
 c - a +0 robe (worn)
Jewellery
 d - a ring of protection from cold (left hand)
 f - a ring of protection from cold
 i - a ring of ice
 m - an amulet of guardian spirit
Scrolls
 b - a scroll of butterflies
 l - 2 scrolls of brand weapon {unknown}
 n - a scroll of torment {unknown}
 o - a scroll of revelation {unknown}
Potions
 j - a potion of heal wounds


   Skills:
 - Level 1.5 Fighting
 * Level 4.1 Ranged Weapons
 + Level 2.8 Dodging
 + Level 1.9 Stealth


You couldn't memorise any spells.
You didn't know any spells.
Your spell library was empty.

Dungeon Overview and Level Annotations

Branches:
Dungeon (2/15)

Altars:

Shops:
D:1 [

Annotations:
D:1 exclusions: downstairs, 2 hobgoblins and kobold
D:2 exclusion: rat


Innate Abilities, Weirdness & Mutations

You are very small and have problems with some larger weapons.
You are too small for most types of armour.
You have supernaturally acute eyesight. (SInv)
You cover ground extremely quickly. (Speed+++)


Message History

Found 3 gold pieces.
The kobold throws a stone.
The stone barely misses you. The goblin barely misses you.
Found a scale mail.
The bat attacks as it pursues you! The bat misses you. The goblin misses you.
The bat barely misses you. The bat hits you.
You see here a scroll labelled YKHYSM ESEU.
o - a scroll labelled YKHYSM ESEU The bat attacks as it pursues you!
The bat barely misses you. The bat misses you. The bat closely misses you.
You see here 3 gold pieces.
You now have 80 gold pieces (gained 3).
The bat misses you.
A kobold opens the door.
The endoplasm attacks as it pursues you!
The endoplasm misses you. The goblin misses you.
Fire: a) +0 shortbow
Press: ? - help, Q - select action, (/) - cycle Shift-Dir - straight line, f - goblin, p - kobold
Aim: a goblin, wielding a +0 dagger and wearing a +0 chain mail (63% to hit)
You shoot an arrow. The arrow hits the goblin.
The goblin is moderately wounded.
The goblin hits you with a +0 dagger. The endoplasm freezes you.
You are frozen.
You resist.
* * * LOW HITPOINT WARNING * * *
Fire: a) +0 shortbow
Press: ? - help, Q - select action, (/) - cycle Shift-Dir - straight line, f/p - goblin
Aim: a goblin, wielding a +0 dagger and wearing a +0 chain mail (moderately wounded, 63% to hit)
Okay, then.
Fire: a) +0 shortbow
Press: ? - help, Q - select action, (/) - cycle Shift-Dir - straight line, f - kobold, p - goblin
Aim: a kobold, wielding a +0 whip and quivering stones (56% to hit)
You shoot an arrow. The arrow barely misses the goblin.
The arrow hits the kobold.
You kill the kobold!
The endoplasm freezes you.
You are frozen.
You resist.
* * * LOW HITPOINT WARNING * * *
The goblin hits you with a +0 dagger.
You die...

#.............#.#
'>.........#....#
########..#...####[##
# ###..#..K'.....# #
....#...#######
.#.##..K####
#......##.#
###....KJ.# #....##@#
#...)bg.# #########


You could see an endoplasm, a goblin, a bat and a kobold.

Vanquished Creatures
  A ball python (D:1)
  An endoplasm (D:2)
  2 kobolds
  A bat (D:2)
5 creatures vanquished.

Notes
Turn   | Place    | Note
-------+----------+-------------------------------------------
     0 | D:1      | PieDemon the Spriggan Hunter began the quest for the Orb.
     0 | D:1      | Reached XP level 1. HP: 10/10 MP: 2/2
    87 | D:1      | Found Jypyno's Antique Armour Boutique.
   232 | D:1      | Found a faded altar of an unknown god.
  1397 | D:2      | Slain by a goblin

Illustrated notes

Levels and vault maps discovered:
D:1:      lightli_arrival_maybe_door_vault, layout_basic, serial_shops, shop,
          ebering_ecumenical_altar_box
D:2:      layout_basic

Action                     || total
---------------------------++-------
   Fire: Shortbow          ||    13
    Use: Potion            ||     1
 Armour: Robe              ||     8
  Dodge: Dodged            ||    52
